 Dungeon Crawl Stone Soup version 0.28.0-45-g0d030f2227 (webtiles) character file.

Game seed: 13576564429205085449

200 selver the Sneak (level 5, -8/25 HPs)
             Began as a Spriggan Brigand on Apr 10, 2022.
             Killed by nerve-wracking pain
             ... invoked by Grinder
              (14 damage)
             ... on level 4 of the Dungeon.
             The game lasted 00:15:36 (3974 turns).

selver the Sneak (Spriggan Brigand)                 Turns: 3974, Time: 00:15:36

Health: -8/25      AC:  3    Str:  7    XL:     5   Next: 49%
Magic:  6/6        EV: 16    Int: 12    God:
Gold:   114        SH:  0    Dex: 19    Spells: 4/4 levels left

rFire   . . .      SeeInvis +   a - +2 dagger
rCold   . . .      Faith    .   (no shield)
rNeg    . . .      Spirit   .   g - +0 robe
rPois   .          Reflect  .   (helmet restricted)
rElec   .          Harm     .   c - +0 cloak
rCorr   .          Rampage  .   (gloves unavailable)
Will    .....                   (boots unavailable)
Stlth   +++.......              (no amulet)
HPRegen 0.08/turn               (no ring)
MPRegen 0.10/turn               (no ring)

@: very quick
A: very small, no large weapons, unfitting armour, see invisible, speed 3
a: no special abilities


You were on level 4 of the Dungeon.
You visited 1 branch of the dungeon, and saw 4 of its levels.

You collected 114 gold pieces.

Inventory:

Hand Weapons
 a - a +2 dagger (weapon)
 b - a +0 hunting sling
Missiles
 d - a poisoned dart (quivered)
 j - 51 stones
Armour
 c - a +0 cloak (worn)
 g - a +0 robe (worn)
Jewellery
 i - an amulet of magic regeneration
 n - a +4 ring of evasion
 p - a +6 ring of intelligence
Scrolls
 f - a scroll of teleportation {unknown}
 l - a scroll of fear {unknown}
 m - a scroll of fog {unknown}
 o - a scroll of vulnerability {unknown}
 r - 3 scrolls of identify {unknown}
 t - a scroll of brand weapon {unknown}
Potions
 h - a potion of curing {unknown}
 k - a potion of degeneration {unknown}
 q - 2 potions of lignification {unknown}
 s - a potion of magic {unknown}
 u - a potion of heal wounds {unknown}


   Skills:
 - Level 1.5 Fighting
 + Level 4.2 Short Blades
 + Level 5.0(5.3) Slings
 - Level 2.0(3.3) Throwing
 - Level 1.3 Dodging
 - Level 5.8 Stealth


You had 4 spell levels left.
You didn't know any spells.
Your spell library was empty.

Dungeon Overview and Level Annotations

Branches:
Dungeon (4/15)
 Temple: D:4-7

Altars:
Uskayaw

Shops:
D:3 [

Annotations:
D:4 Grinder


Innate Abilities, Weirdness & Mutations

You are very small and have problems with some larger weapons.
You are too small for most types of armour.
You have supernaturally acute eyesight. (SInv)
You cover ground extremely quickly. (Speed+++)


Message History

You shoot a stone. The stone hits the endoplasm.
The endoplasm is almost dead.
You shoot a stone. The stone barely misses the endoplasm.
You shoot a stone. The stone hits the endoplasm.
You kill the endoplasm!
Found 16 sling bullets.
You see here a stone.
Grinder gestures at you. You resist with some effort.
You see here a stone.
You see here 3 stones.
You shoot a stone. The stone hits Grinder.
Grinder is lightly wounded.
You shoot a stone. The stone closely misses Grinder.
You shoot a stone. The stone completely misses Grinder.
You shoot a stone. The stone hits Grinder.
Grinder is lightly wounded.
There is a stone staircase leading up here.
You shoot a stone. The stone closely misses Grinder.
Grinder says, "Just stop there for a second..."
You shoot a stone. The stone hits Grinder.
Grinder is lightly wounded.
You shoot a stone. The stone hits Grinder.
Grinder is lightly wounded.
Grinder gestures at you. You resist with some effort.
You shoot a stone. The stone hits Grinder.
Grinder is moderately wounded.
a - a +2 dagger (weapon)
Grinder gestures at you.
You suddenly lose the ability to move!
Grinder hits you!
You writhe in agony.
Grinder hits you.
You writhe in agony.
* * * LOW HITPOINT WARNING * * *
Grinder hits you but does no damage.
You can move again.
Grinder gestures at you. Pain shoots through your body!
Ouch! That really hurt!
You die...

##(## #.#
#(# #.#
#.# #(#
#5# #<#
#@#
#........
########.


You could see Grinder.

Vanquished Creatures
  A bullfrog zombie (D:3)
  Terence (D:2)
  3 gnolls
  4 adders
  2 dart slugs (D:1)
  An orc (D:3)
  7 endoplasms
  4 giant cockroaches
  4 goblins
  9 hobgoblins
  8 jackals
  2 quokkas
  4 ball pythons
  2 bats (D:2)
  6 frilled lizards
  6 kobolds
  5 rats
69 creatures vanquished.

Notes
Turn   | Place    | Note
-------+----------+-------------------------------------------
     0 | D:1      | selver the Spriggan Brigand began the quest for the Orb.
     0 | D:1      | Reached XP level 1. HP: 10/10 MP: 2/2
   237 | D:1      | Reached XP level 2. HP: 14/14 MP: 3/3
  1103 | D:1      | Reached XP level 3. HP: 18/18 MP: 4/4
  1152 | D:1      | Reached skill level 1 in Slings
  1381 | D:2      | Found a hide-covered altar of Uskayaw.
  1996 | D:2      | Found a faded altar of an unknown god.
  2004 | D:2      | Noticed Terence
  2013 | D:2      | Killed Terence
  2014 | D:2      | Reached XP level 4. HP: 22/22 MP: 5/5
  2594 | D:4      | Noticed a necrophage
  2615 | D:4      | Noticed a phantom
  2665 | D:3      | Found Jifigamu's Antique Armour Emporium.
  3201 | D:3      | Reached XP level 5. HP: 18/25 MP: 6/6
  3550 | D:3      | Reached skill level 5 in Slings
  3884 | D:4      | Noticed Grinder
  3970 | D:4      | Paralysed by Grinder for 3 turns
  3974 | D:4      | Killed from afar by Grinder

Illustrated notes

Levels and vault maps discovered:
D:1:      dpeg_arrival_simpleton_b, layout_loops_ring
D:2:      layout_loops_cross, basic_altar, nicolae_ecumenical_pavilion,
          uniq_terence
D:3:      layout_basic, serial_shops, shop, patterned_corridor
D:4:      layout_loops_ring, uniq_crazy_yiuf_cottage, uniq_grinder

Skill      XL: |  1  2  3  4  5 |
---------------+----------------+-----
Short Blades   | 3 4 |  4.2
Slings         | 2 4 5 |  5.0
Fighting       | |  1.5
Throwing       | |  2.0
Dodging        | |  1.3
Stealth        | |  5.8

Action                   |  1- 3 |  4- 6 || total
-------------------------+-------+-------++-------
Melee: Dagger            |    58 |    30 ||    88
       Punch             |       |     1 ||     1
 Fire: Hunting sling     |    85 |   112 ||   197
Throw: Dart              |    11 |    23 ||    34
 Stab: Sleeping          |    12 |     3 ||    15
Armor: Robe              |    13 |    12 ||    25
Dodge: Dodged            |    57 |    81 ||   138
